 Dungeon Crawl Stone Soup version 0.28-a0-863-g8cecda6153 (webtiles) character file.

Game seed: 6874055584034666735

161156 MirrMurr the Unseen (level 17, -24/86 HPs)
             Began as a Spriggan Enchanter on Nov 15, 2021.
             Was the Champion of Dithmenos.
             Killed from afar by Roxanne (51 damage)
             ... with a crystal spear
             ... on level 4 of the Spider Nest on Nov 17, 2021.
             The game lasted 02:13:52 (40254 turns).

MirrMurr the Unseen (Spriggan Enchanter)           Turns: 40254, Time: 02:13:52

Health: -24/86     AC: 22    Str:  9    XL:     17   Next: 19%
Magic:  27/27      EV: 30    Int: 20    God:    Dithmenos [******]
Gold:   3308       SH:  8    Dex: 17    Spells: 6/28 levels left

rFire   . . .      SeeInvis +   a - +9 demon whip "Feptaset" {pain, rPois Int+3}
rCold   . . .      Faith    .   L - +0 buckler {AC+3}
rNeg    . . .      Spirit   .   x - +3 steam dragon scales
rPois   +          Reflect  .   (helmet restricted)
rElec   .          Harm     .   m - +2 cloak
rCorr   .          Rampage  .   (gloves unavailable)
Will    ++...                   (boots unavailable) Stlth ****++++++
                                u - amulet of regeneration
HPRegen 1.24/turn               h - +4 ring of protection
MPRegen 0.20/turn               A - +4 ring of protection

@: wreathed by umbra, very quick
A: very small, no large weapons, unfitting armour, see invisible, speed 3
a: Renounce Religion, Shadow Step, Shadow Form


You were on level 4 of the Spider Nest.
You worshipped Dithmenos.
Dithmenos was exalted by your worship.
You visited 5 branches of the dungeon, and saw 28 of its levels.
You also visited: Ossuary and Gauntlet.

You collected 3858 gold pieces.
You spent 550 gold pieces at shops.

Inventory:

Hand Weapons
 a - the +9 demon whip "Feptaset" (weapon) {pain, rPois Int+3}
   (You took it off a minotaur in a Gauntlet)

   In the hands of one skilled in necromantic magic, it inflicts extra damage on
   living creatures.
   Int:       It affects your intelligence (+3).
   rPois:     It protects you from poison.
 b - the +4 rapier "Beast's Doom" {protect, Int+7 SInv}
   (You found it on level 6 of the Lair of Beasts)

   It grants its wielder temporary protection when it strikes (+7 to AC).
   Int:       It affects your intelligence (+7).
   SInv:      It lets you see invisible.
 w - a +3 dagger of venom
 C - a +6 long sword
Missiles
 d - 689 stones
 k - 9 silver boomerangs
 p - 20 boomerangs
 r - 4 throwing nets
 s - 69 poisoned darts (quivered)
 t - 2 curare-tipped darts
Armour
 m - a +2 cloak (worn)
 x - +3 steam dragon scales (worn)
 L - a +0 buckler of protection (worn)
Jewellery
 h - a +4 ring of protection (left hand)
 u - an amulet of regeneration (around neck)
 y - the ring "Ciazaig" {Ice Fly rElec Slay-2}
   (You found it on level 9 of the Dungeon)

   [ring of ice]

   It enhances your ice magic.
   Slay:      It affects your accuracy & damage with ranged weapons and melee
   (-2).
   rF:        It makes you vulnerable to fire.
   rC:        It protects you from cold.
   rElec:     It insulates you from electricity.
   Fly:       It grants you flight.
 A - a +4 ring of protection (right hand)
 P - a ring of protection from fire
Wands
 j - a wand of digging (3)
 n - a wand of mindburst (51)
 B - a wand of charming (3)
 E - a wand of polymorph (28)
 J - a wand of paralysis (14)
 K - a wand of flame (23)
 M - a wand of acid (4)
 U - a wand of iceblast (30)
Scrolls
 g - 9 scrolls of vulnerability
 i - 14 scrolls of identify
 q - 5 scrolls of magic mapping
 D - 3 scrolls of fear
 F - 4 scrolls of fog
 N - a scroll of summoning
 R - 6 scrolls of teleportation
 S - a scroll of enchant armour
 W - a scroll of holy word
 X - 4 scrolls of immolation
 Y - 8 scrolls of enchant weapon
Potions
 c - 2 potions of invisibility
 e - 13 potions of curing
 f - 13 potions of flight
 l - 4 potions of might
 o - 4 potions of brilliance
 v - 5 potions of mutation
 I - a potion of lignification
 T - 8 potions of ambrosia
 V - 2 potions of magic
Miscellaneous
 G - a condenser vane
 H - a lightning rod (4/4)
 O - a phantom mirror


   Skills:
 - Level 8.7 Fighting
 - Level 10.0 Short Blades
 * Level 8.9 Maces & Flails
 - Level 17.4 Dodging
 - Level 18.4 Stealth
 * Level 6.7 Shields
 - Level 6.0 Spellcasting
 + Level 10.0 Hexes
 - Level 10.0 Necromancy
 - Level 12.0 Invocations


You had 6 spell levels left.
You knew the following spells:

 Your Spells              Type           Power      Damage    Failure   Level
a - Ensorcelled Hibernat  Hex/Ice        52%        N/A       1%          2
b - Confusing Touch       Hex            46%        N/A       1%          3
c - Tukima's Dance        Hex            46%        N/A       1%          3
d - Dazzling Flash        Conj/Hex       52%        N/A       4%          3
e - Slow                  Hex            100%       N/A       1%          1
f - Yara's Violent Unrav  Hex/Tmut       13%        3d7       36%         5
g - Borgnjor's Vile Clut  Necr/Erth      13%        N/A       36%         5

Your spell library contained the following spells:

 Spells                   Type           Power      Damage    Failure   Level
 Animate Dead             Necr           23%        N/A       1%          4
 Inner Flame              Hex/Fire       26%        N/A       4%          3
 Portal Projectile        Hex/Tloc       52%        N/A       4%          3
 Summon Guardian Golem    Hex/Summ       26%        N/A       4%          3
 Agony                    Necr           46%        N/A       4%          5
 Foxfire                  Conj/Fire      24%        2x1d5     11%         1
 Shock                    Conj/Air       24%        1d4       11%         1
 Summon Small Mammal      Summ           24%        N/A       11%         1
 Fulminant Prism          Conj/Hex       13%        3d9       14%         4
 Death Channel            Necr           23%        N/A       26%         6
 Call Canine Familiar     Summ           6%         N/A       32%         3
 Conjure Flame            Conj/Fire      6%         6-21      32%         3
 Stone Arrow              Conj/Erth      12%        3d7       32%         3
 Swiftness                Air            6%         N/A       32%         3
 Silence                  Hex/Air        13%        N/A       36%         5
 Airstrike                Air            3%         N/A       71%         4
 Animate Armour           Summ/Erth      12%        N/A       71%         4
 Flame Wave               Conj/Fire      6%         3d4       71%         4
 Iskenderun's Mystic Bla  Conj/Tloc      6%         2d4       71%         4
 Passage of Golubria      Tloc           6%         N/A       71%         4
 Lee's Rapid Deconstruct  Erth           3%         3d6*      96%         5
 Starburst                Conj/Fire      3%         6d3       100%        6
 Malign Gateway           Summ/Tloc      3%         N/A       100%        7
 Lehudib's Crystal Spear  Conj/Erth      3%         10d2      100%        8
 Summon Horrible Things   Summ           3%         N/A       100%        8
 Shatter                  Erth           3%         3d7*      100%        9


Dungeon Overview and Level Annotations

Branches:
Dungeon (15/15) Temple (1/1) D:6 Lair (6/6) D:8 Shoals (0/4) Lair:3 Spider (4/4) Lair:4 Slime (0/5) Lair:5 Orc (2/2) D:11 Elf (0/3) Orc:2 Vaults (0/5) D:13 D:14 Depths (0/4) D:15 Ossuary (visited) Gauntlet (visited)

Altars:
Ashenzari
Cheibriados
Dithmenos
Elyvilon
Fedhas
Gozag
Hepliaklqana
Kikubaaqudgha
Makhleb
Nemelex Xobeh
Okawaru
Qazlal
Ru
Sif Muna
Trog
Uskayaw
Vehumet
Wu Jian
Xom
Yredelemnul
Zin
The Shining One
Beogh

Shops:
D:9 ?   D:11 ?   Orc:2 (([(

Annotations:
D:7 fly?
D:10 apport?, exclusion: obsidian statue
D:14 !, Rupert
Spider:4 2 exclusions, Roxanne


Innate Abilities, Weirdness & Mutations

You are very small and have problems with some larger weapons.
You are too small for most types of armour.
You have supernaturally acute eyesight. (SInv)
You cover ground extremely quickly. (Speed+++)


Message History

Roxanne is severely damaged.
Roxanne casts a spell.
The crystal spear hits you!!
* * * LOW HITPOINT WARNING * * *
You hit Roxanne but do no damage.
Roxanne is severely damaged.
Unknown command.
You hit Roxanne but do no damage.
Roxanne is severely damaged.
You whack Roxanne!
Roxanne is severely damaged.
Your shadow hits Roxanne but does no damage.
Roxanne mutters, "When I said I wanted to live forever... this was not what I had in mind."
You hit Roxanne.
Roxanne is severely damaged.
Your shadow hits Roxanne but does no damage.
Okay, then.
You hit Roxanne but do no damage.
Roxanne is severely damaged.
You hit Roxanne but do no damage.
Roxanne is severely damaged.
Your shadow hits Roxanne but does no damage.
You hit Roxanne but do no damage.
Roxanne is severely damaged.
You whack Roxanne!
Roxanne is severely damaged.
Roxanne mumbles some strange words.
The bolt of magma misses you.
You hit Roxanne but do no damage.
Roxanne is severely damaged.
You hit Roxanne but do no damage.
Roxanne is severely damaged.
You hit Roxanne but do no damage.
Roxanne is severely damaged.
You hit Roxanne but do no damage.
Roxanne is severely damaged.
Roxanne mumbles some strange words.
The crystal spear hits you!!!
Ouch! That really hurt!
You die...

.##....#.##(.....#<..#...##^#...#
#.###.##"....##..^^#^.......^..##
### ###≈≈....[.^#............#.#
##≈≈#.....#.....^#.........#
##≈≈.#....#...(..#^.##.#....#
#≈≈≈.#..#.#..#.........#...^#
#≈≈≈.##....§§#§......^^....^#
#.≈≈.#.....§§§§§......#..#..#
#..≈≈#.#..#.#@§§............#
#..≈≈#^#...##§8.............#
#..≈≈#.#....#§§§............#
#..≈≈#..........#.#.#.^.....#
#.≈≈.##........?..#^....^...##
#≈≈..##..#.....^..........^#.#
#≈≈[.###.#^....#...#...^.#....
##≈≈.#^.##...#....#......##...
##≈≈#.##.#..^.#..............


You could see Roxanne.

Vanquished Creatures
  Bai Suzhen (Spider:2)
  Arachne (Spider:2)
  Asterion (Spider:2)
  Frances (Spider:2)
  Agnes (Spider:3)
  5 emperor scorpions
  A ghost moth (Spider:3)
  A spark wasp (Spider:3)
  Azrael (Spider:3)
  A minotaur (Gauntlet)
  2 entropy weavers
  Josephine (D:13)
  A great orb of eyes (Gauntlet)
  A rakshasa (D:15)
  2 ogre magi
  A hydra (shapeshifter) (D:13)
  7 hydras
  Harold (Lair:1)
  A merfolk avatar (Lair:6)
  2 death knights (D:14)
  5 boulder beetles
  7 centaur warriors
  9 two-headed ogres
  5 death yaks
  4 tengu warriors
  A vampire mage (D:15)
  Urug (D:11)
  5 orc high priests
  Nergalle (Lair:2)
  A titan skeleton (D:15)
  A deep elf knight (D:14)
  3 skeletal warriors
  A fire crab (D:13)
  3 sea snakes (Lair:6)
  2 wizards
  8 orc knights
  A deep elf archer (D:13)
  A necromancer (D:15)
  An ugly thing (D:13)
  An orb spider (shapeshifter) (D:13)
  19 orb spiders
  2 deep elf pyromancers (D:13)
  4 orc sorcerers (Orc:2)
  7 manticores
  21 wolf spiders
  8 cyclopes
  A moth of wrath (Spider:1)
  2 frost giant skeletons (D:15)
  A merfolk siren (Lair:3)
  Maurice (D:10)
  12 elephants
  3 black mambas
  A fire giant skeleton (D:15)
  9 cane toads
  5 torpor snails
  A gargoyle (D:13)
  An unseen horror (D:11)
  An efreet (D:13)
  A rime drake (Lair:6)
  5 demonic crawlers
  An ice devil (Gauntlet)
  8 komodo dragons
  2 freezing wraiths
  A tengu conjurer (D:14)
  9 trolls
  56 jumping spiders
  2 merfolk (Lair:3)
  3 wind drakes (Lair:6)
  A queen bee (Lair:2)
  6 hornets
  9 blink frogs
  Prince Ribbit (D:6)
  A raiju (shapeshifter) (D:13)
  4 polar bears
  13 slime creatures
  A dream sheep (shapeshifter) (D:14)
  6 dream sheep (Lair:6)
  A shadow (D:13)
  A yak (shapeshifter) (D:13)
  7 wraiths
  6 wyverns
  27 yaks
  A vampire (D:12)
  43 redbacks
  2 fire bats (Lair:1)
  A water elemental (D:14)
  39 tarantellas
  9 basilisks
  16 humans
  5 fire elementals (Spider:2)
  3 steam dragons
  13 vampire mosquitoes
  2 dancing weapons
  4 wargs
  2 acid dragons
  19 water moccasins
  3 hell hounds
  2 black bears (D:5)
  An ice beast (D:5)
  27 orc warriors
  2 hornet zombies
  A sky beast (D:9)
  8 ogres
  3 necrophages (D:5)
  18 wolves
  10 centaurs
  2 phantoms (D:6)
  2 kobold brigands
  2 wyvern zombies
  10 bullfrogs
  2 scorpions (D:5)
  3 water moccasin zombies (D:5)
  27 killer bees
  8 wights (D:9)
  2 howler monkeys (D:13)
  7 electric eels
  2 bullfrog zombies
  2 centaur zombies
  2 hounds
  A lava snake (D:11)
  14 jellies
  19 orc priests
  Crazy Yiuf (D:2)
  An iron imp (D:9)
  A centaur skeleton (D:5)
  3 iguanas
  Terence (D:2)
  26 orc wizards
  A mummy (Ossuary)
  A howler monkey zombie (D:9)
  5 gnolls
  A howler monkey skeleton (D:7)
  9 adders
  5 white imps
  3 adder skeletons (D:4)
  2 worms (D:2)
  6 dart slugs
  73 orcs
  5 spectral bats (Ossuary)
  7 endoplasms
  7 giant cockroaches
  12 gnoll zombies (Ossuary)
  8 goblins
  7 hobgoblins
  7 jackals
  16 kobolds
  7 quokkas
  10 ball pythons
  9 bats
  3 bat simulacra (Ossuary)
  2 frilled lizards (D:2)
  4 goblin simulacra (Ossuary)
  4 goblin zombies (Ossuary)
  3 hobgoblin zombies (Ossuary)
  A kobold simulacrum (Ossuary)
  10 kobold zombies (Ossuary)
  An orc zombie (Ossuary)
  4 rats
  A rat simulacrum (Ossuary)
  A rat zombie (D:10)
  5 spectral goblins (Ossuary)
  5 spectral kobolds (Ossuary)
  4 spectral rats (Ossuary)
986 creatures vanquished.

Vanquished Creatures (collateral kills)
  2 orc warriors (Orc:2)
  A gnoll sergeant (D:6)
  2 wights (D:9)
  3 orcs
8 creatures vanquished.

Vanquished Creatures (others)
  A redback (Spider:1)
  11 dancing weapons
  3 killer bees (Lair:2)
  An electric eel (Spider:3)
  2 bushes (D:5)
  52 fungi
  91 plants
161 creatures vanquished.

Grand Total: 1155 creatures vanquished

Notes
Turn   | Place    | Note
-------+----------+-------------------------------------------
     0 | D:1      | MirrMurr the Spriggan Enchanter began the quest for the
                  | Orb.
     0 | D:1      | Reached XP level 1. HP: 9/9 MP: 5/5
   423 | D:1      | Reached XP level 2. HP: 13/13 MP: 6/6
   434 | D:1      | Reached skill level 5 in Stealth
   676 | D:1      | Learned a level 2 spell: Ensorcelled Hibernation
  1213 | D:1      | Reached XP level 3. HP: 16/16 MP: 8/8
  1217 | D:1      | Learned a level 3 spell: Confusing Touch
  1274 | D:1      | Found a faded altar of an unknown god.
  1605 | D:2      | Reached skill level 6 in Stealth
  1685 | D:2      | Noticed Terence
  1698 | D:2      | Killed Terence
  1699 | D:2      | Reached XP level 4. HP: 18/21 MP: 4/9
  2006 | D:2      | Found a runed translucent door.
  2007 | D:2      | Noticed Crazy Yiuf
  2122 | D:2      | Killed Crazy Yiuf
  2196 | D:2      | Reached skill level 7 in Stealth
  2201 | D:2      | Reached XP level 5. HP: 24/24 MP: 10/10
  2205 | D:2      | Learned a level 3 spell: Tukima's Dance
  3234 | D:3      | Reached skill level 8 in Stealth
  3772 | D:4      | Found a radiant altar of Vehumet.
  3994 | D:4      | Reached XP level 6. HP: 28/28 MP: 8/11
  4117 | D:4      | Reached skill level 5 in Short Blades
  4824 | D:5      | Entered Level 5 of the Dungeon
  4902 | D:5      | Reached skill level 5 in Hexes
  5188 | D:5      | Reached XP level 7. HP: 32/32 MP: 8/13
  5192 | D:5      | Learned a level 3 spell: Dazzling Flash
  5265 | D:5      | Found a bloodstained altar of Trog.
  5537 | D:5      | Found a shimmering blue altar of Sif Muna.
  5570 | D:5      | Found an iron altar of Okawaru.
  5688 | D:5      | Reached skill level 1 in Fighting
  5688 | D:5      | Reached XP level 8. HP: 37/37 MP: 15/15
  6003 | D:5      | Found a blossoming altar of Fedhas.
  6125 | D:5      | Reached skill level 5 in Dodging
  6310 | D:6      | Found a broken altar of Ashenzari.
  6499 | D:6      | Found a staircase to the Ecumenical Temple.
  7020 | Temple   | Entered the Ecumenical Temple
  7243 | D:6      | Reached XP level 9. HP: 42/45 MP: 13/16
  7272 | D:6      | Noticed Prince Ribbit
  7276 | D:6      | Killed Prince Ribbit
  7317 | D:6      | Found a stormy altar of Qazlal.
  7335 | D:6      | Found a shadowy altar of Dithmenos.
  7340 | D:6      | Became a worshipper of Dithmenos the Shadowed
  7651 | D:6      | Reached skill level 9 in Stealth
  8476 | D:7      | Reached skill level 10 in Stealth
  8851 | D:8      | Reached * piety under Dithmenos
  8899 | D:8      | Found a shimmering altar of Xom.
  8899 | D:8      | Found a shimmering altar of Xom.
  8900 | D:8      | Found a shimmering altar of Xom.
  8901 | D:8      | Found a shimmering altar of Xom.
  8951 | D:8      | Found a staircase to the Lair.
  9141 | D:8      | Found a shimmering altar of Xom.
  9141 | D:8      | Found a shimmering altar of Xom.
  9250 | D:8      | Reached skill level 10 in Dodging
  9252 | D:8      | Found a sand-covered staircase.
  9258 | Ossuary  | Entered an ossuary
  9498 | Ossuary  | Reached ** piety under Dithmenos
 10136 | D:8      | Reached XP level 10. HP: 32/49 MP: 14/17
 10205 | D:8      | Reached skill level 11 in Stealth
 10344 | D:8      | Reached *** piety under Dithmenos
 10475 | D:9      | Noticed a manticore
 10480 | D:9      | Killed a manticore
 10726 | D:9      | Found a snail-covered altar of Cheibriados.
 10853 | D:9      | Found Ymecixt's Magic Scroll Shop.
 10868 | D:9      | Bought a scroll of acquirement for 520 gold pieces
 10868 | D:9      | Acquired 822 gold pieces
 10892 | D:9      | Identified the ring "Ciazaig" {Ice Fly rElec Slay-2}
 10968 | D:9      | Reached skill level 12 in Stealth
 10987 | D:9      | Upgraded the game from 0.28-a0-852-gbbce81c95b to
                  | 0.28-a0-862-g58c29a6370
 11213 | D:9      | Found a hide-covered altar of Uskayaw.
 11602 | D:10     | Entered Level 10 of the Dungeon
 11602 | D:10     | Noticed Maurice
 11607 | D:10     | Killed Maurice
 11610 | D:10     | Reached skill level 1 in Invocations
 11763 | D:10     | Found an ornate altar of the Wu Jian Council.
 11893 | D:10     | Noticed a two-headed ogre
 11895 | D:10     | Noticed a two-headed ogre
 11946 | D:9      | Killed a two-headed ogre
 12126 | D:10     | Reached skill level 13 in Stealth
 12169 | D:10     | Noticed an obsidian statue
 12250 | D:10     | Found an ancient bone altar of Kikubaaqudgha.
 12696 | D:10     | Killed a two-headed ogre
 12697 | D:10     | Reached XP level 11. HP: 53/53 MP: 9/18
 12767 | D:11     | Noticed a two-headed ogre
 12773 | D:11     | Killed a two-headed ogre
 12882 | D:11     | Noticed Urug
 12988 | D:11     | Noticed a two-headed ogre
 13083 | D:10     | Killed a two-headed ogre
 13084 | D:10     | Reached skill level 14 in Stealth
 13222 | D:11     | Found Hycrif's Magic Scroll Emporium.
 13305 | D:11     | Killed Urug
 13305 | D:11     | Reached **** piety under Dithmenos
 13739 | D:11     | Found a staircase to the Orcish Mines.
 14142 | Lair:1   | Entered Level 1 of the Lair of Beasts
 14339 | Lair:1   | Reached skill level 15 in Stealth
 14445 | Lair:1   | Noticed Harold
 14470 | Lair:1   | Killed Harold
 15058 | Lair:2   | Noticed Nergalle
 15212 | Lair:2   | Reached skill level 15 in Dodging
 15212 | Lair:2   | Reached skill level 5 in Invocations
 15693 | Lair:2   | Reached XP level 12. HP: 53/58 MP: 4/19
 15756 | Lair:2   | Reached ***** piety under Dithmenos
 17126 | Lair:2   | Killed Nergalle
 17127 | Lair:2   | Reached skill level 10 in Hexes
 17208 | Lair:3   | Noticed a seven-headed hydra
 17215 | Lair:3   | Killed a seven-headed hydra
 17216 | Lair:3   | Reached skill level 10 in Short Blades
 17838 | Lair:3   | Found a staircase to the Shoals.
 18133 | Lair:4   | Noticed a seven-headed hydra
 18150 | Lair:3   | Killed a seven-headed hydra
 18467 | Lair:4   | Noticed a death yak
 18467 | Lair:4   | Noticed a death yak
 18467 | Lair:4   | Noticed a death yak
 18468 | Lair:4   | Killed a death yak
 18469 | Lair:4   | Killed a death yak
 18472 | Lair:4   | Killed a death yak
 18473 | Lair:4   | Reached skill level 10 in Invocations
 18585 | Lair:4   | Reached XP level 13. HP: 61/61 MP: 12/21
 18873 | Lair:4   | Reached skill level 5 in Spellcasting
 19390 | Lair:4   | Found a hole to the Spider Nest.
 19573 | Lair:4   | Reached skill level 5 in Fighting
 19954 | Lair:5   | Found a staircase to the Slime Pits.
 20157 | Lair:5   | Learned a level 1 spell: Slow
 20163 | Lair:5   | Learned a level 5 spell: Yara's Violent Unravelling
 20611 | Lair:5   | Found a snail-covered altar of Cheibriados.
 20725 | Lair:6   | Entered Level 6 of the Lair of Beasts
 21034 | Lair:6   | Reached ****** piety under Dithmenos
 21350 | D:9      | Bought a scroll of teleportation for 30 gold pieces
 22377 | Lair:6   | Identified the +4 rapier "Beast's Doom" {protect, Int+7
                  | SInv}
 22449 | Lair:6   | Found a burning altar of Makhleb.
 22600 | Lair:6   | Reached skill level 16 in Stealth
 22600 | Lair:6   | Reached XP level 14. HP: 51/70 MP: 21/24
 23589 | D:12     | Found a gate leading to a gauntlet.
 23594 | Gauntlet | Entered a Gauntlet
 23594 | Gauntlet | Found a transporter.
 23603 | Gauntlet | Found a transporter.
 23618 | Gauntlet | Found a transporter.
 23623 | Gauntlet | Found a transporter.
 23638 | Gauntlet | Found a transporter.
 23657 | Gauntlet | Found a transporter.
 23669 | Gauntlet | Found a transporter.
 23675 | Gauntlet | Found a transporter.
 23690 | Gauntlet | Found a transporter.
 23696 | Gauntlet | Found a transporter.
 23711 | Gauntlet | Found a transporter.
 23723 | Gauntlet | Found a transporter.
 23724 | Gauntlet | Noticed a reaper
 23740 | Gauntlet | Found a transporter.
 23758 | Gauntlet | Found a transporter.
 23760 | Gauntlet | Found a transporter.
 23787 | Gauntlet | Found a transporter.
 23807 | Gauntlet | Found a transporter.
 23811 | Gauntlet | Found a transporter.
 24526 | Gauntlet | Identified the +0 hat of Birdsong {SInv}
 24578 | Gauntlet | Identified the +9 demon whip "Feptaset" {pain, rPois Int+3}
 24603 | Gauntlet | Got Lehudib's Guide on Clay
 24603 | Gauntlet | Got the Collected Works on Translocation
 25114 | D:13     | Reached skill level 1 in Maces & Flails
 25114 | D:13     | Reached skill level 1 in Necromancy
 25629 | D:13     | Identified the +1 leather armour of Umuemod {rF+ SInv
                  | Stlth+}
 25652 | D:12     | Reached skill level 17 in Stealth
 25875 | D:13     | Noticed Josephine
 25893 | D:13     | Killed Josephine
 27475 | D:14     | Noticed Rupert
 27475 | D:14     | Found a gate to the Vaults.
 27902 | D:14     | Reached XP level 15. HP: 59/77 MP: 12/25
 28022 | D:14     | Reached skill level 5 in Necromancy
 28803 | D:15     | Entered Level 15 of the Dungeon
 28842 | D:15     | Found a shimmering blue altar of Sif Muna.
 28965 | D:15     | Reached skill level 18 in Stealth
 28986 | D:15     | Reached skill level 5 in Maces & Flails
 29076 | D:15     | Found a staircase to the Depths.
 29837 | Orc:1    | Entered Level 1 of the Orcish Mines
 30027 | Orc:2    | Entered Level 2 of the Orcish Mines
 30400 | Orc:2    | Found a staircase to the Elven Halls.
 30706 | Orc:2    | Reached skill level 1 in Shields
 32285 | Orc:2    | Found Nunoj's Weapon Shop.
 32285 | Orc:2    | Found Wysmeg's Antique Weapon Shoppe.
 32343 | Orc:2    | Found Deusk's Antique Armour Shoppe.
 32343 | Orc:2    | Found Rizoff's Weapon Shop.
 32632 | Spider:1 | Entered Level 1 of the Spider Nest
 33310 | Lair:4   | Reached XP level 16. HP: 62/82 MP: 26/26
 33486 | Lair:4   | Acquired a +0 buckler of protection
 34876 | Spider:2 | Noticed Asterion
 34881 | Spider:2 | Killed Asterion
 35400 | Spider:2 | Noticed Frances
 35951 | Spider:2 | Killed Frances
 36008 | Spider:2 | Noticed Arachne
 36184 | Spider:2 | Killed Arachne
 36446 | Spider:3 | Upgraded the game from 0.28-a0-862-g58c29a6370 to
                  | 0.28-a0-863-g8cecda6153
 36458 | Spider:3 | Reached skill level 5 in Shields
 36462 | Spider:3 | Noticed Bai Suzhen
 36984 | Spider:2 | Learned a level 5 spell: Borgnjor's Vile Clutch
 37198 | Spider:3 | Noticed Agnes
 37239 | Spider:3 | Noticed Azrael
 37562 | Spider:3 | Killed Agnes
 37855 | Spider:2 | Killed Bai Suzhen
 38283 | Spider:3 | Killed Azrael
 38793 | Spider:4 | Entered Level 4 of the Spider Nest
 38977 | Spider:4 | Reached XP level 17. HP: 86/86 MP: 27/27
 39045 | Spider:3 | Reached skill level 10 in Necromancy
 39176 | Spider:4 | Identified Roxanne's Reference Book on Earth
 39176 | Spider:4 | Noticed Roxanne
 40254 | Spider:4 | Killed from afar by Roxanne

Illustrated notes

Levels and vault maps discovered:
D:1:      dpeg_arrival_round_b, layout_loops_cross,
          ebering_ecumenical_altar_petrified, minivault_19,
          serial_park_tiny_pond
D:2:      minmay_razor_zed, layout_loops_cross, minmay_small_reverse_x,
          uniq_crazy_yiuf_cottage, uniq_terence
D:3:      layout_loops_ring, minivault_14
D:4:      layout_cave_pools, mainiacjoe_overflow_concentric_impassable,
          minmay_distorted
D:5:      layout_loops_ring, trog_ov_bears_minmay, fedhas_altar_decomposition,
          mainiacjoe_overflow_catch_the_wave
D:6:      layout_basic, nicolae_qazlal_scattered_showers,
          mainiacjoe_overflow_alcove_1, nicolae_ashenzari_skybound,
          minmay_temple_entry_mini_moons, uniq_prince_ribbit1
D:7:      layout_rooms, kennysheep_opposing_triangles
D:8:      layout_basic, xom_redecorated, erik_lair_orcish_takeover,
          enter_ossuary_2
D:9:      layout_irregular_city, slow_altar_1, kennysheep_little_box,
          serial_shops, nicolae_shop_stone, st_stairs_8
D:10:     layout_small_grid, lemuel_zombie_altar_kikubaaqudgha,
          lemuel_round_altar, minivault_15, uniq_maurice
D:11:     layout_rooms, david_orc_4, serial_shops, shop,
          kennysheep_pointless_box, uniq_urug
D:12:     layout_basic, gauntlet_entry_generic, kennysheep_generic_room_15
D:13:     minmay_the_grid_square_5x5_4x4_mashed [minmay_the_grid_square_5x5_z,
          minmay_the_grid_square_5x5_two_walls_a,
          minmay_the_grid_square_5x5_six,
          minmay_the_grid_square_5x5_checkered_statues,
          minmay_the_grid_square_5x5_spiral,
          minmay_the_grid_square_5x5_prize_rear_guard,
          minmay_the_grid_square_5x5_prize_junk,
          minmay_the_grid_square_5x5_two_small,
          minmay_the_grid_square_5x5_fat_x,
          minmay_the_grid_square_5x5_prize_itemx,
          minmay_the_grid_square_5x5_prize_snowflake,
          minmay_the_grid_square_5x5_lines,
          minmay_the_grid_square_5x5_almost_minimal,
          minmay_the_grid_square_5x5_spiral_small,
          minmay_the_grid_square_5x5_percent,
          minmay_the_grid_square_5x5_corner], layout_cave_pools, uniq_josephine
D:14:     wad_river_or_something, layout_rooms, david_vaults_3,
          serial_park_tiny_1, minivault_25
D:15:     gammafunk_depths_entry_grave, layout_long_grid, lemuel_round_altar,
          chequers_serial_rivers_marsh
Temple:   dpeg_three_leaves_temple
Lair:1:   layout_gridlike, uniq_harold
Lair:2:   layout_loops_ring, special_room [special_room_bee],
          serial_bayou_shore_a, uniq_nergalle
Lair:3:   layout_chaotic_city, elwin_shoals_entry_rooms
Lair:4:   layout_cave_pods, spider_nest_entry_webs
Lair:5:   layout_regular_city, minmay_slime_entry_jelly_boxes,
          nicolae_quartered_pool_impasse, kennysheep_snail_temple
Lair:6:   gammafunk_lair_ancient_temple, layout_regular_city,
          chequers_serial_rivers_small_b, lemuel_centaur_altar
Spider:1: nicolae_spider_jumping_over_cracks [nicolae_spider_jumping_sub_rim,
          nicolae_spider_jumping_sub_stairs, nicolae_spider_jumping_sub_narrow,
          nicolae_spider_jumping_sub_divot], guppyfry_spider_mini_2
Spider:2: layout_spider_delve, uniq_arachne, uniq_asterion, uniq_frances
Spider:3: layout_spider_delve, uniq_azrael, uniq_agnes, uniq_bai_suzhen
Spider:4: guppyfry_spider_rune, guppyfry_hornet_nest, uniq_roxanne
Orc:1:    layout_caves, kennysheep_orc_chapel
Orc:2:    grunt_orc_tribal_feast, layout_caves

Skill      XL: |  1  2  3  4  5  6  7  8  9 10 11 12 13 14 15 16 17 |
---------------+----------------------------------------------------+-----
Stealth        | 5 6 7 8 10 13 15 16 17 18 | 18.4
Short Blades   | 2 3 4 5 7 8 10 | 10.0
Spellcasting   | 3 4 6 |  6.0
Hexes          | 5 8 10 | 10.0
Dodging        | 3 7 10 13 15 16 17 | 17.4
Fighting       | 1 4 6 8 |  8.7
Invocations    | 2 5 10 12 | 12.0
Maces & Flails | 3 6 8 |  8.9
Necromancy     | 4 7 9 10 | 10.0
Shields        | 2 6 |  6.7

Action                   |  1- 3 |  4- 6 |  7- 9 | 10-12 | 13-15 | 16-18 || total
-------------------------+-------+-------+-------+-------+-------+-------++-------
Melee: Dagger            |    97 |   168 |   605 |   782 |  1564 |     1 ||  3217
       Demon whip        |       |       |       |       |   174 |  1070 ||  1244
       Rapier            |       |       |       |       |     1 |   170 ||   171
Throw: Stone             |       |     1 |     1 |     2 |    16 |     9 ||    29
       Dart              |       |       |       |       |       |    43 ||    43
 Cast: Ensorcelled Hiber |     3 |    25 |    44 |   129 |   133 |     3 ||   337
       Confusing Touch   |       |     2 |    30 |    38 |   128 |    19 ||   217
       Tukima's Dance    |       |       |     5 |    32 |    27 |     1 ||    65
       Dazzling Flash    |       |       |       |       |     3 |     3 ||     6
Invok: Shadow Form       |       |       |       |       |     1 |       ||     1
Evoke: Wand              |       |       |       |    13 |     8 |     2 ||    23
  Use: Scroll            |       |    11 |     9 |     9 |     2 |     7 ||    38
       Potion            |       |       |       |       |     1 |     6 ||     7
 Stab: Sleeping          |    10 |    37 |    45 |    92 |   154 |     9 ||   347
       Confused          |       |     1 |    33 |    36 |   149 |    53 ||   272
       Distracted        |       |       |     1 |     3 |     2 |     6 ||    12
       Invisible         |       |       |       |       |     7 |     1 ||     8
       Held in net/web   |       |       |       |       |       |     2 ||     2
Armor: Robe              |    12 |    22 |    44 |       |       |       ||    78
       Steam dragon scal |       |       |    33 |   103 |   230 |   306 ||   672
Dodge: Dodged            |    59 |    80 |   398 |   724 |  1559 |  1478 ||  4298
Block: Buckler           |       |       |       |       |   120 |   511 ||   631

Table legend: (Time is in decaauts)
 A = Elapsed time spent in this place.
 B = Non-inter-level travel time spent in this place.
 C = Inter-level travel time spent in this place.
 D = Time resting spent in this place.
 E = Time spent auto-exploring this place.
 F = Levels seen in this place.
 G = Mean time per level.
                   A        B        C        D        E       F      G
               +--------+--------+--------+--------+--------+-----+--------+
         Total |  29658 |  27865 |   1793 |   2941 |  16030 |  30 |  988.6 |
       Dungeon |  14322 |  13201 |   1121 |    781 |   8907 |  15 |  954.8 |
        Temple |     49 |     40 |      9 |      0 |     34 |   1 |   49.0 |
          Lair |   6755 |   6423 |    332 |    498 |   4213 |   6 | 1125.8 |
   Spider Nest |   5583 |   5292 |    291 |   1385 |   1629 |   4 | 1395.8 |
  Orcish Mines |   1901 |   1862 |     39 |    201 |   1132 |   2 |  950.5 |
       Ossuary |    424 |    424 |      0 |     39 |      0 |   1 |  424.0 |
      Gauntlet |    621 |    621 |      0 |     35 |    112 |   1 |  621.0 |
               +--------+--------+--------+--------+--------+-----+--------+

Top non-repeatable levels by time:
Spider:2: 1949 daAuts
  Lair:2: 1724 daAuts
Spider:1: 1710 daAuts
     D:5: 1625 daAuts
    D:13: 1497 daAuts
   Orc:2: 1399 daAuts
  Lair:6: 1367 daAuts
     D:1: 1325 daAuts
  Lair:4: 1301 daAuts
Spider:3: 1218 daAuts
     D:9: 1115 daAuts
    D:10: 988 daAuts
    D:12: 985 daAuts
     D:8: 901 daAuts
     D:2: 859 daAuts
